 Dungeon Crawl Stone Soup version 0.19.1-1-g22dce08 (webtiles) character file.

2426 Alarkh the Cleaver (level 9, 0/96 HPs)
             Began as a Demonspawn Monk on Jan 7, 2017.
             Was an Elder of Okawaru.
             Slain by an iguana (4 damage)
             ... on level 7 of the Dungeon.
             The game lasted 00:16:25 (9320 turns).

Alarkh the Cleaver (Demonspawn Monk)                Turns: 9320, Time: 00:16:26

Health: 0/96       AC: 24    Str: 11    XL:     9   Next: 24%
Magic:  7/9        EV:  2    Int: 17    God:    Okawaru [****..]
Gold:   45         SH:  0    Dex: 15    Spells: 0 memorised, 8 levels left

rFire  + . .     SeeInvis .     G - +1 trident (freeze)
rCold  + . .     Gourm    .     (armour currently unavailable)
rNeg   + + +     Faith    .     (no shield)
rPois  +         Spirit   .     (helmet currently unavailable)
rElec  +         Reflect  .     (cloak currently unavailable)
rCorr  +         Harm     .     (gloves currently unavailable)
MR     +....     NoTele   +     (boots currently unavailable)
Stlth  +++++.....               (no amulet)
                                (no ring)
                                j - +3 ring of intelligence

@: lethally poisoned (0 -> 0), tree-form, resistant, heroism, very slightly
contaminated
A: (antennae 0), rugged brown scales 1, dopey 1, magic resistance 1,
nightstalker 2, wild magic 1, rot immunity
a: Heroism, Renounce Religion


You were on level 7 of the Dungeon.
You worshipped Okawaru.
Okawaru was greatly pleased with you.
You were hungry.
You were a tree.
You visited 2 branches of the dungeon, and saw 8 of its levels.
You also visited: Sewer.

You collected 249 gold pieces.
You spent 204 gold pieces at shops.

Inventory:

Hand Weapons
 a - a +0 mace of draining
 A - a -2 hand axe
 C - a +0 hand axe
 G - a +1 trident of freezing (weapon)
Armour
 b - a +0 robe (melded)
 i - a +0 pair of gloves (melded)
 o - a +1 cloak (melded)
Magical Staves
 z - an uncursed staff of air
Jewellery
 j - a +3 ring of intelligence (left branch)
Wands
 q - a wand of flame (0/48)
 t - a wand of iceblast (6/15)
 K - a wand of random effects (9/48)
Scrolls
 d - 2 scrolls of recharging
 e - a scroll of identify
 f - 7 scrolls of remove curse
 l - 2 scrolls of teleportation
 m - a scroll of enchant weapon {unknown}
 n - a scroll of enchant armour {unknown}
 p - 2 scrolls of fog {unknown}
 r - 2 scrolls of magic mapping {unknown}
 y - a scroll of blinking {unknown}
Potions
 x - 2 potions of flight
 F - a potion of cancellation
 J - a potion of haste
Comestibles
 c - 4 bread rations
 h - a beef jerky
 k - a chunk of flesh
 s - a royal jelly
 u - 3 fruits
 v - a slice of pizza
 w - 3 meat rations


   Skills:
 - Level 3.0(8.0) Fighting
 + Level 11.5(16.5) Axes
 - Level 2.6(7.6) Dodging
 - Level 1.7(6.7) Stealth


You had 8 spell levels left.
You didn't know any spells.

Dungeon Overview and Level Annotations

Branches:
Dungeon (7/15)             Temple (1/1) D:4

Altars:
Ashenzari
Cheibriados
Elyvilon
Fedhas
Gozag
Hepliaklqana
Kikubaaqudgha
Makhleb
Nemelex Xobeh
Okawaru
Ru
Trog
Uskayaw
Vehumet
Xom
Yredelemnul
Zin
The Shining One

Shops:
D:5 !


Innate Abilities, Weirdness & Mutations

((You have a pair of antennae on your head.))
(You are partially covered in rugged brown scales. (AC +1, +3% HP))
You are significantly more attuned to the shadows.
You are immune to rotting.
You are dopey. (Int -2)
You are resistant to hostile enchantments. (MR+)
Your spells are a little harder to cast, but a little more powerful.


Message History

Aim: an iguana (moderately wounded)
Okay, then.
Okay, then.
You gain the combat prowess of a mighty hero.
You flicker back into view.
The worker ant bites you but does no damage.
The iguana barely misses you.
It was a potion of mutation.
You feel extremely strange.
You feel resistant to hostile enchantments.
You feel stupid.
You feel less in control of your magic.
You feel sick. The worker ant bites you.
* * * LOW HITPOINT WARNING * * *
The iguana bites you but does no damage.
It was a potion of resistance.
You feel protected. The worker ant barely misses you.
The iguana completely misses you.
You hit the iguana but do no damage.
The iguana is moderately wounded.
The worker ant barely misses you. The iguana bites you.
You die...

........>#.#
#.....#..#.#
.(.......#÷#
.#<......###.#
.............#
#....#..#####
....#..#
.#$###.##a.#
.......l♣..#
.#.###.###.#
.......#
#########


You could see an iguana and a worker ant.

Vanquished Creatures
  The ghost of Exporg the Covered, a novice MiFi (D:6)
  Sigmund (D:4)
  2 sky beasts
  5 phantoms
  An ogre (D:5)
  A centaur (D:5)
  A big kobold (Sewer)
  A bullfrog (D:5)
  3 killer bees (D:7)
  A centaur zombie (D:5)
  2 hounds
  3 bullfrog skeletons
  A gnoll shaman (D:5)
  2 orc priests
  2 orc wizards
  8 worker ants
  A hound zombie (D:6)
  A worker ant zombie (D:5)
  2 gnolls (D:5)
  A river rat (Sewer)
  7 adders
  2 oozes
  3 worms
  2 dart slugs
  8 leopard geckos
  7 orcs
  9 bats
  9 giant cockroaches
  4 hobgoblins
  14 jackals
  9 kobolds
  3 quokkas
  3 ball pythons (D:1)
  6 frilled lizards
  A giant cockroach zombie (D:5)
  7 goblins
  A jackal skeleton (D:6)
  2 leopard gecko skeletons
  A quokka skeleton (D:4)
  15 rats
153 creatures vanquished.

Notes
Turn   | Place    | Note
-------+----------+-------------------------------------------
     0 | D:1      | Alarkh the Demonspawn Monk began the quest for the Orb.
     0 | D:1      | Reached XP level 1. HP: 18/18 MP: 1/1
    24 | D:1      | Reached skill level 3 in Axes
    94 | D:1      | Gained mutation: You have a pair of small antennae on your head. [demonic ancestry]
    94 | D:1      | Reached XP level 2. HP: 15/24 MP: 2/2
   738 | D:1      | Gained mutation: You are partially covered in rugged brown scales. (AC +1, +3% HP) [demonic ancestry]
   738 | D:1      | Reached XP level 3. HP: 23/29 MP: 3/3
  1201 | D:2      | Found a white marble altar of Elyvilon.
  1276 | D:2      | Reached skill level 4 in Axes
  2451 | D:3      | Reached XP level 4. HP: 33/36 MP: 4/4
  2484 | D:3      | Found a shimmering altar of Xom.
  2864 | D:3      | Reached skill level 5 in Axes
  3095 | D:3      | Found a glowing golden altar of the Shining One.
  3184 | D:3      | Reached XP level 5. HP: 42/42 MP: 5/5
  3339 | D:4      | Found a staircase to the Ecumenical Temple.
  3390 | Temple   | Entered the Ecumenical Temple
  3567 | Temple   | Became a worshipper of Warmaster Okawaru
  3567 | Temple   | Reached * piety under Okawaru
  3567 | Temple   | Reached ** piety under Okawaru
  3607 | D:4      | Noticed a phantom
  3696 | D:3      | Killed a phantom
  3696 | D:3      | Reached skill level 6 in Axes
  3972 | D:3      | Gained mutation: You have a pair of antennae on your head. [demonic ancestry]
  3972 | D:3      | Reached XP level 6. HP: 7/48 MP: 4/6
  4310 | D:4      | Reached skill level 7 in Axes
  4574 | D:4      | Gained mutation: You are slightly more attuned to the shadows. [demonic ancestry]
  4574 | D:4      | Reached XP level 7. HP: 39/53 MP: 7/7
  4723 | D:4      | Noticed Sigmund
  4804 | D:3      | Reached *** piety under Okawaru
  5157 | D:4      | Reached skill level 8 in Axes
  5433 | D:4      | Killed Sigmund
  5746 | D:5      | Entered Level 5 of the Dungeon
  5805 | D:5      | Found a glowing drain.
  5829 | Sewer    | Entered a sewer
  5963 | Sewer    | Reached skill level 9 in Axes
  5963 | Sewer    | Gained mutation: You are immune to rotting. [demonic ancestry]
  5963 | Sewer    | Reached XP level 8. HP: 43/59 MP: 8/8
  6047 | Sewer    | Found a white marble altar of Elyvilon.
  6246 | D:5      | Found a basalt altar of Yredelemnul.
  6830 | D:5      | Reached **** piety under Okawaru
  6886 | D:5      | Found a shattered altar of Ashenzari.
  7047 | D:5      | Found Ficubed's Distillery.
  7053 | D:5      | Bought a potion of lignification for 36 gold pieces
  7053 | D:5      | Bought a potion of agility for 48 gold pieces
  7053 | D:5      | Bought a potion of haste for 120 gold pieces
  7649 | D:5      | Reached skill level 10 in Axes
  9014 | D:6      | Noticed Exporg's ghost (novice MiFi)
  9063 | D:6      | Killed Exporg's ghost
  9063 | D:6      | Reached skill level 11 in Axes
  9063 | D:6      | Gained mutation: You are significantly more attuned to the shadows. [demonic ancestry]
  9063 | D:6      | Reached XP level 9. HP: 51/64 MP: 7/9
  9318 | D:7      | Gained mutation: You are resistant to hostile enchantments. (MR+) [potion of mutation]
  9318 | D:7      | Gained mutation: You are dopey. (Int -2) [potion of mutation]
  9318 | D:7      | Gained mutation: Your spells are a little harder to cast, but a little more powerful. [potion of mutation]
  9318 | D:7      | HP: 4/96 [worker ant (1)]
  9320 | D:7      | Slain by an iguana

Skill      XL: |  1  2  3  4  5  6  7  8 |
---------------+-------------------------+-----
Axes           | 3 4 5 6 7 9 11 | 11.5
Fighting       | |  3.0
Dodging        | |  2.6
Stealth        | |  1.7

Action                   |  1- 3 |  4- 6 |  7- 9 || total
-------------------------+-------+-------+-------++-------
Melee: Hand axe          |   184 |   156 |   107 ||   447
       Mace              |       |       |   109 ||   109
       Trident           |       |       |   205 ||   205
Invok: Heroism           |       |     1 |     6 ||     7
Evoke: Wand              |       |    50 |       ||    50
  Use: Scroll            |     4 |     3 |     3 ||    10
       Potion            |     2 |     2 |    11 ||    15
 Stab: Sleeping          |     7 |     2 |    16 ||    25
       Distracted        |       |       |     1 ||     1
       Invisible         |       |       |     4 ||     4
  Eat: Chunk             |     5 |     5 |    13 ||    23
       Pizza             |       |     1 |       ||     1
       Fruit             |       |       |     1 ||     1
       Beef jerky        |       |       |     1 ||     1
Armor: Robe              |    54 |    37 |   113 ||   204
       Skin              |       |       |    42 ||    42
Dodge: Dodged            |   146 |   124 |   291 ||   561
